Map: Para Site LE

Players

Neeb

  • Race: Protoss Protoss
  • League: Master
  • Spawn Location: 11:00

SpeCial - Winner!

  • Race: Terran Terran
  • Spawn Location: 5:00

Event: IEM Season 13 - Katowice Server Qualifiers America

VOD

Have the link to the VOD?

Description

Time

  • Played on: Jan. 6, 2019, 5:51 p.m.
  • Length: 14:09

All games in this series

Show
View Real Time Build Order
Export as new Build Order

Neeb Protoss 

Build Orders: 1 Gate Expand, Oracle Opening 

Get SALT Encoding   

  12  0:00  Probe  
  13  0:12  Probe  
  14  0:17  Pylon  
  14  0:24  Probe  
  15  0:32  Probe  
  15  0:37  Gateway  
  15  0:40  Probe  
  16  0:45  Assimilator  
  17  0:51  Probe  
  18  1:03  Probe  
  19  1:15  Probe  
  20  1:22  Nexus  
  20  1:33  Cybernetics Core  
  20  1:34  Probe  
  21  1:41  Assimilator  
  21  1:47  Probe  
  22  1:50  Pylon  
  22  1:57  Probe  
  22  2:00  Adept  
  23  2:05  Probe  
  23  2:13  Probe  
  26  2:18  Stargate  
  27  2:25  Probe  
  27  2:27  Adept  
  30  2:31  Probe  
  30  2:32  Warp Gate  
  31  2:37  Probe  
  31  2:39  Probe  
  33  2:49  Probe x2  
  34  2:53  Oracle  
  35  3:01  Probe x2  
  35  3:02  Pylon  
  40  3:11  Stalker  
  42  3:13  Probe x2  
  44  3:25  Probe x2  
  46  3:27  Oracle  
  46  3:28  Gateway  
  46  3:30  Gateway  
  46  3:37  Probe  
  46  3:39  Probe  
  51  3:49  Probe, Pylon  
  51  3:51  Probe  
  53  3:57  Nexus  
  53  4:02  Oracle, Probe  
  54  4:07  Probe  
  55  4:12  Assimilator  
  55  4:14  Probe  
  55  4:15  Assimilator  
  59  4:19  Pylon  
  59  4:20  Probe  
  60  4:26  Probe  
  58  4:33  Pylon  
  58  4:34  Stalker x2  
  58  4:37  Probe  
  63  4:38  Stalker  
  63  4:42  Probe  
  66  4:50  Twilight Council  
  66  4:51  Probe  
  66  4:52  Forge  
  67  4:55  Probe  
  67  4:57  Pylon  
  68  5:06  Pylon  
  68  5:07  Stalker x2  
  71  5:08  Stalker  
  71  5:12  Probe  
  71  5:14  Probe  
  76  5:21  Probe  
  75  5:25  Probe  
  75  5:27  Probe, Protoss Ground Weapons Level 1  
  77  5:32  Blink  
  77  5:33  Probe  
  76  5:37  Probe  
  76  5:40  Probe  
  78  5:45  Probe  
  78  5:49  Probe  
  77  5:52  Probe  
  77  5:56  Robotics Facility, Gateway  
  78  5:57  Gateway x2  
  78  6:00  Probe, Gateway  
  78  6:03  Sentry  
  78  6:04  Sentry x2  
  85  6:06  Assimilator  
  85  6:07  Assimilator  
  85  6:08  Probe, Pylon  
  86  6:12  Gateway, Probe  
  86  6:14  Probe  
  88  6:20  Probe  
  88  6:24  Nexus  
  88  6:25  Probe  
  90  6:26  Probe  
  91  6:35  Stalker x3  
  91  6:36  Warp Prism  
  91  6:38  Pylon  
  97  6:44  Pylon  
  97  6:49  Pylon  
  97  6:54  Stalker x3  
  105  6:55  Stalker  
  105  6:58  Probe x2  
  105  6:59  Probe  
  110  7:06  Charge  
  110  7:07  Stalker x2  
  114  7:12  Protoss Ground Armor Level 1  
  114  7:16  Immortal  
  114  7:18  Probe  
  114  7:21  Robotics Bay  
  119  7:23  Robotics Facility  
  119  7:38  Stalker x6  
  119  7:39  Probe x2  
  119  7:40  Probe  
  134  7:49  Zealot x2  
  138  7:53  Pylon, Shield Battery  
  132  8:06  Zealot  
  132  8:07  Zealot x5  
  144  8:15  Stalker  
  144  8:19  Probe  
  142  8:27  Zealot x2  
  142  8:29  Zealot  
  142  8:30  Zealot x4  
  149  8:41  Zealot  
  148  8:47  Zealot  
  148  8:54  Zealot x4  
  148  8:55  Zealot x2  
  136  8:59  Probe  
  136  9:01  Probe  
  115  9:03  Zealot  
  95  9:10  Zealot  
  95  9:15  Colossus, Zealot x2  
  95  9:16  Zealot x4  
  91  9:22  Colossus  
  85  9:31  Stalker x2  
  85  9:36  Zealot x3, Extended Thermal Lance  
  85  9:37  Zealot x3  
  105  9:45  Probe  
  105  9:47  Probe x3  
  105  9:51  Shield Battery  
  109  9:52  Shield Battery  
  109  9:57  Stalker x5  
  109  9:58  Zealot x2, Stalker  
  125  10:05  Colossus  
  101  10:09  Colossus  
  100  10:14  Assimilator  
  100  10:15  Assimilator  
  106  10:22  Sentry x3  
  106  10:23  Sentry x3  
  102  10:48  Stalker x7  
  102  10:49  Protoss Ground Weapons Level 2  
  114  10:51  Zealot  
  116  10:58  Observer  
  116  11:03  Nexus  
  116  11:05  Warp Prism  
  119  11:13  Pylon  
  119  11:19  Sentry x2  
  119  11:21  Zealot  
  124  11:27  Pylon x2  
  124  11:29  Pylon  
  124  11:36  Stalker x4  
  124  11:38  Probe  
  133  11:45  Probe x2  
  135  11:48  Stalker x3  
  135  11:50  Probe  
  142  12:12  Stalker x7  
  156  12:15  Pylon  
  156  12:28  Assimilator x2  
  156  12:29  Pylon  
  156  12:31  Photon Cannon  
  156  12:40  Dark Shrine  
  156  12:54  Pylon  
  156  12:55  Pylon  
  141  13:09  Stalker x4  
  141  13:10  Stalker x4  
  102  13:33  Stalker x4  
  106  13:40  Zealot  
Show
View Real Time Build Order
Export as new Build Order

SpeCial Terran - Winner!

Build Orders: Reaper Expand 

Get SALT Encoding   

  12  0:00  SCV  
  13  0:12  SCV  
  14  0:17  Supply Depot  
  14  0:25  SCV  
  15  0:38  SCV  
  15  0:40  Barracks  
  16  0:44  Refinery  
  16  0:50  SCV  
  17  1:03  SCV  
  18  1:15  SCV  
  19  1:28  Reaper, Orbital Command  
  20  1:42  Command Center  
  20  1:52  Supply Depot  
  20  1:54  SCV  
  20  2:00  Marine  
  22  2:07  Factory  
  22  2:08  SCV  
  23  2:18  Refinery  
  23  2:22  SCV, Barracks Reactor  
  24  2:34  SCV  
  25  2:46  SCV  
  26  2:53  Starport  
  26  2:55  Widow Mine  
  28  2:59  Marine x2, SCV  
  28  3:00  Orbital Command  
  31  3:11  SCV  
  32  3:17  Marine x2, Factory Tech Lab  
  34  3:25  SCV  
  34  3:26  SCV  
  36  3:30  Viking  
  38  3:37  Cyclone  
  38  3:38  SCV x2  
  38  3:40  Supply Depot  
  43  3:49  Command Center  
  43  3:52  SCV x2  
  43  3:55  Marine  
  46  4:02  Marine  
  47  4:08  SCV x2  
  49  4:16  Factory Tech Lab  
  49  4:20  SCV x2  
  49  4:21  Raven, Supply Depot  
  53  4:32  SCV  
  53  4:35  SCV  
  53  4:38  Marine  
  53  4:43  Marine, Siege Tank  
  53  4:44  SCV  
  59  4:46  Supply Depot  
  59  4:48  SCV  
  59  4:51  Refinery  
  59  4:56  SCV, Bunker  
  61  5:00  SCV  
  61  5:01  Supply Depot  
  61  5:02  Orbital Command  
  63  5:08  Barracks, SCV  
  63  5:12  SCV  
  63  5:18  Barracks, Siege Tank  
  63  5:20  SCV  
  64  5:24  SCV  
  64  5:26  Marine  
  63  5:30  Starport Reactor, Stimpack  
  63  5:33  SCV  
  61  5:41  SCV  
  61  5:42  SCV  
  61  5:44  Marine  
  61  5:45  SCV  
  58  5:54  SCV x2  
  60  5:57  SCV  
  60  6:00  Barracks, Refinery, Supply Depot  
  60  6:01  Engineering Bay  
  60  6:02  Marine  
  60  6:03  Factory Reactor  
  60  6:04  Barracks  
  62  6:06  SCV x2  
  62  6:09  SCV  
  65  6:14  Medivac  
  65  6:15  Medivac, Orbital Command  
  65  6:16  Marine x3  
  65  6:18  SCV  
  73  6:19  Marine  
  73  6:21  SCV, Supply Depot  
  75  6:26  Supply Depot  
  75  6:30  SCV  
  75  6:32  Combat Shield  
  76  6:33  SCV  
  76  6:34  Marine x2  
  76  6:35  Marauder  
  81  6:41  SCV  
  81  6:42  SCV  
  81  6:45  Marauder, Supply Depot  
  81  6:46  SCV  
  86  6:49  Barracks Tech Lab  
  86  6:52  Marine x2  
  86  6:53  Barracks Reactor  
  88  6:54  SCV, Medivac  
  88  6:59  Medivac  
  93  7:02  Marauder, SCV x2  
  93  7:06  Marauder, SCV, Supply Depot  
  100  7:10  Marine x2  
  100  7:12  Concussive Shells, Marauder  
  100  7:14  SCV x2  
  106  7:18  SCV  
  106  7:19  Supply Depot  
  107  7:23  Marauder  
  107  7:26  SCV  
  107  7:27  Marine  
  107  7:28  Marine, Marauder  
  107  7:29  Widow Mine x2, Supply Depot  
  118  7:31  SCV x2  
  119  7:38  Terran Infantry Weapons Level 1  
  119  7:40  Marine x2, Marauder  
  119  7:43  SCV x2  
  125  7:44  Marauder  
  125  7:45  Marine x2  
  125  7:47  SCV  
  130  7:55  SCV  
  130  7:58  Marine x2  
  130  7:59  Marauder  
  130  8:01  Marine, Widow Mine x2  
  130  8:03  Marine x2  
  138  8:06  Marauder  
  138  8:11  Medivac  
  142  8:15  Marine x2  
  146  8:20  Marauder x2, Bunker  
  146  8:21  Marine x2, Bunker  
  146  8:23  Bunker  
  148  8:27  Supply Depot  
  148  8:28  Supply Depot  
  148  8:29  Marauder  
  148  8:32  Liberator  
  148  8:33  Marine  
  149  8:38  Widow Mine  
  149  8:40  Marine  
  149  8:47  SCV  
  148  8:48  SCV  
  148  8:49  Marine, Marauder x2, Widow Mine, SCV  
  148  8:50  Marauder, Supply Depot x2  
  156  8:59  Widow Mine  
  142  9:08  Marine, Liberator  
  142  9:09  Marine  
  124  9:10  Marine x2  
  124  9:11  Marauder x2, Widow Mine  
  124  9:12  Marauder  
  124  9:15  Liberator  
  124  9:21  Widow Mine  
  124  9:26  Marine  
  124  9:29  SCV x2  
  125  9:31  Refinery  
  125  9:32  Marauder x2, Refinery, Widow Mine, Supply Depot  
  125  9:33  Marine x2  
  125  9:34  Marauder  
  125  9:36  Marine  
  139  9:42  Widow Mine  
  135  9:51  Marine x2  
  137  9:53  Marauder x2, Widow Mine  
  137  9:57  Terran Infantry Armor Level 1  
  142  10:03  Command Center  
  142  10:04  Widow Mine  
  142  10:05  Marine, Marauder  
  140  10:10  Medivac  
  140  10:11  Marine x2  
  144  10:15  Marauder, Medivac  
  144  10:19  Armory, Engineering Bay  
  148  10:22  SCV x2  
  148  10:24  Marine  
  148  10:25  Marauder, SCV  
  152  10:33  Starport  
  152  10:34  SCV  
  142  10:47  Marine x3, Marauder  
  147  10:52  Viking x2  
  147  10:56  SCV x3  
  154  10:57  Ghost Academy  
  154  10:58  Marine  
  154  10:59  Marine, Marauder  
  158  11:04  Marine  
  158  11:05  Supply Depot  
  158  11:08  Marauder, SCV x3  
  158  11:10  Sensor Tower  
  164  11:13  Viking  
  164  11:14  Viking  
  164  11:15  Planetary Fortress  
  164  11:17  Marauder  
  170  11:22  Viking x2  
  172  11:28  Marine x4  
  172  11:29  Ghost  
  172  11:30  Ghost  
  180  11:38  Refinery  
  180  11:39  Refinery  
  180  11:43  Viking  
  180  11:45  Viking  
  184  11:49  Command Center  
  184  11:50  Supply Depot  
  184  11:52  Viking x2  
  188  11:54  Marine x4  
  188  11:57  Marine  
  192  12:05  Missile Turret  
  192  12:12  Marine x2  
  192  12:13  Marauder  
  192  12:14  Viking  
  192  12:15  Marine x2, Viking  
  199  12:16  Marauder  
  200  12:27  Barracks  
  200  12:29  Barracks  
  200  12:31  Barracks  
  200  12:46  Command Center  
  200  12:49  Marine, Marauder  
  196  12:58  Marine  
  196  12:59  Marauder  
  179  13:06  Marine x2, Marauder  
  179  13:08  Liberator x2  
  179  13:09  Viking x2  
  179  13:10  Marauder  
  179  13:14  Marine  
  179  13:16  Marine  
  171  13:20  Marauder  
  171  13:23  Marine  
  171  13:24  Marine  
  165  13:27  Marauder  
  165  13:31  Marine  
  148  13:35  Marine x2  
  139  13:41  Marine  
  139  13:42  Marine, Marauder  
  139  13:43  Marine x2  
  139  13:44  Marine  
  139  13:45  SCV  
  139  13:46  SCV  
  146  13:55  SCV  

Tags
 
Add a new tag
Caveats
  • Supply blocks, unpowered buildings, or Contaminate may cause inaccurate times.
  • Supply counts are checked every 10 seconds.